 Dungeon Crawl Stone Soup version 0.24-a0-279-ga7546fe (webtiles) character file.

Game seed: 15348788026104316423

37433 krystol the Covert (level 13, -1/69 HPs)
             Began as a Spriggan Enchanter on May 1, 2019.
             Was an Initiate of Gozag.
             Slain by a dream sheep (25 damage)
             ... on level 5 of the Lair of Beasts.
             The game lasted 01:01:59 (23854 turns).

krystol the Covert (Spriggan Enchanter)            Turns: 23854, Time: 01:02:00

Health: -1/69      AC:  2    Str:  4    XL:     13   Next: 58%
Magic:  27/28      EV: 20    Int: 24    God:    Gozag
Gold:   3781       SH:  0    Dex: 17    Spells: 20/32 levels left

rFire    . . .     SeeInvis +   o - +4 dagger of Luhalul {drain, rElec rN++}
rCold    . . .     Gourm    .   G - +3 buckler
rNeg     + + .     Faith    .   C - +0 robe
rPois    .         Spirit   .   (helmet restricted)
rElec    +         Reflect  .   s - scarf {cloud immunity}
rCorr    .         Harm     .   (gloves unavailable)
MR       +++..                  (boots unavailable)
Stlth    ++++++....             u - amulet of magic regeneration
HPRegen  0.21/turn              S - +3 ring of intelligence
MPRegen  0.46/turn              J - ring of protection from magic

@: sleeping, very quick
A: very small, unfitting armour, see invisible, herbivore, speed 3, slow
metabolism 2
a: Potion Petition, Call Merchant, Bribe Branch, Renounce Religion


You were on level 5 of the Lair of Beasts.
You worshipped Gozag.
Gozag was most pleased with you.
You were not hungry.

You visited 3 branches of the dungeon, and saw 18 of its levels.
You also visited: Sewer.

You collected 4040 gold pieces.
You spent 156 gold pieces at shops.
You paid 103 gold pieces to Gozag.

Inventory:

Hand Weapons
 l - a +2 dagger of venom
 o - the +4 dagger of Luhalul (weapon) {drain, rElec rN++}
   (You found it on level 9 of the Dungeon)

   A truly terrible weapon, it drains the life of those it strikes.
   It insulates you from electricity.
   It greatly protects you from negative energy.
 z - a +2 short sword of electrocution
 Z - a +0 blowgun
Missiles
 m - 120 poisoned needles
Armour
 s - a scarf of cloud immunity (worn)
 C - a +0 robe (worn)
 G - a +3 buckler (worn)
Jewellery
 b - an uncursed ring of magical power
 u - an amulet of magic regeneration (around neck)
 J - a ring of protection from magic (right hand)
 S - a +3 ring of intelligence (left hand)
 W - an uncursed ring of fire
Wands
 y - a wand of enslavement (20)
 H - a wand of iceblast (12)
 L - a wand of flame (15)
 N - a wand of paralysis (12)
 O - a wand of scattershot (8)
 P - a wand of acid (20)
 T - a wand of polymorph (18)
 U - a wand of random effects (15)
 V - a wand of clouds (4)
Scrolls
 a - 2 scrolls of amnesia
 f - 14 scrolls of teleportation
 i - a scroll of fear
 k - 3 scrolls of fog
 n - a scroll of brand weapon {unknown}
 r - 4 scrolls of remove curse
 B - a scroll of blinking
 E - 3 scrolls of immolation
 M - 3 scrolls of enchant armour
 Q - a scroll of magic mapping
 X - 2 scrolls of identify
Potions
 e - a potion of magic {unknown}
 g - 8 potions of heal wounds
 h - 7 potions of brilliance
 j - 6 potions of curing
 p - 2 potions of degeneration
 q - 2 potions of cancellation
 v - 8 potions of might
 w - 2 potions of lignification
 x - 2 potions of ambrosia
 A - 7 potions of flight {unknown}
 D - a potion of berserk rage {unknown}
 F - 3 potions of haste {unknown}
 K - 2 potions of invisibility {unknown}
 R - 2 potions of mutation {unknown}
Miscellaneous
 c - a sack of spiders
 t - a phantom mirror
 I - a fan of gales
 Y - a lamp of fire
Comestibles
 d - 30 rations


   Skills:
 + Level 8.3 Fighting
 - Level 10.0 Short Blades
 - Level 5.0 Dodging
 + Level 13.7 Stealth
 + Level 6.2 Shields
 - Level 10.0 Spellcasting
 + Level 12.7 Hexes
 + Level 10.6 Evocations


You had 20 spell levels left.
You knew the following spells:

 Your Spells              Type           Power        Failure   Level  Hunger
a - Corona                Hex            ######.      1%          1    None
b - Ensorcelled Hibernat  Hex/Ice        #####.       1%          2    None
c - Confuse               Hex            ######..     1%          3    None
d - Tukima's Dance        Hex            ######..     1%          3    None
e - Dazzling Spray        Conj/Hex       #####.       1%          3    None

Your spell library contained the following spells:

 Spells                   Type           Power        Failure   Level  Hunger
 Beastly Appendage        Tmut           ##....       5%          1    None
 Sticks to Snakes         Tmut           ##......     9%          2    None
 Spider Form              Tmut/Pois      ##........   17%         3    None
 Ice Form                 Ice/Tmut       ##......     50%         4    #......
 Blade Hands              Tmut           ##........   83%         5    ####...


Dungeon Overview and Level Annotations

Branches:
Dungeon (11/15)            Temple (1/1) D:4            Lair (6/6) D:8
  Swamp (0/4) Lair:3        Snake (0/4) Lair:2        Slime (0/5) Lair:6
    Orc: D:9-12

Altars:
Ashenzari
Cheibriados
Dithmenos
Elyvilon
Fedhas
Gozag
Hepliaklqana
Kikubaaqudgha
Makhleb
Nemelex Xobeh
Okawaru
Qazlal
Ru
Sif Muna
Trog
Uskayaw
Vehumet
Wu Jian
Xom
Yredelemnul
Zin
The Shining One
Jiyva

Shops:
D:6 }

Annotations:
D:8 2 transporters, Meatbag's ghost, novice DrFi
D:11 1 runed translucent door, Fannar, Fannar; Hasart's ghost, journeyman KoGl
Lair:6 exclusion: oklob plant


Innate Abilities, Weirdness & Mutations

You are very small and have problems with some larger weapons.
You are too small for most types of armour.
You have supernaturally acute eyesight. (SInv)
You are a herbivore.
You cover ground extremely quickly.
You need to consume almost no food.


Message History

The dream sheep resists with significant effort.
The dream sheep bites you.
The dream sheep are wreathed in dream dust.
You feel drowsy...
You fall asleep.
The dream sheep bites you!!
You wake up.
The dream sheep closely misses you. The dream sheep bites you.
The dream sheep closely misses you. You block the dream sheep's attack.
There is a stone staircase leading up here.
The dream sheep ruffle their wool and motes of dream dust sparkle, to no effect.
You block the dream sheep's attack. The dream sheep closely misses you.
You climb upwards.
There is a stone staircase leading down here.
The dream sheep misses you.
The dream sheep ruffle their wool and motes of dream dust sparkle, to no effect.
The dream sheep shake their wool and sparkle.
You feel drowsy...
You fall asleep.
The dream sheep misses you. The dream sheep bites you!!
You die...
Your body crumbles into a pile of gold.

###.....#...###.......# ##...
##P.....### #......## #.#..
##.....## ##....## ###.#
#...#.P## #####..## ######
####.+#...#####.##....###.####
#...........##..#.#..+.###.##.
##..........PP#>..........##...
#...........P.#Y.........+.....
##............@YY....<.........
#.............................
##..........###..........P.#...
#P..........# ####.PP.P..#.+...
#...........## ##P....####...
####...#..##.# #...### #...
####..######## ####...#.# ##..
###..#.+###P.# ##.####...# ##.
#...(......>.####.######..##
##.


You could see 3 dream sheep.

Vanquished Creatures
  Rupert (Lair:6)
  Erica (D:11)
  4 hydras
  A two-headed ogre (D:6)
  Urug (D:10)
  Pikel (D:8)
  4 oklob plants
  Maurice (D:9)
  6 black mambas
  11 spiny frogs
  3 torpor snails (Lair:3)
  A centaur skeleton (D:11)
  7 komodo dragons
  3 meliai (D:11)
  A hornet (Lair:6)
  Grinder (D:4)
  2 trolls
  2 dream sheep (Lair:6)
  14 blink frogs
  13 hippogriffs
  A spriggan (D:7)
  3 wyverns
  22 yaks
  Eustachio (D:6)
  Menkaure (D:6)
  A hungry ghost (D:11)
  A naga (Lair:2)
  3 wargs
  Edmund (D:4)
  A soldier ant (D:10)
  9 porcupines
  13 water moccasins
  3 orc warriors
  An ice beast (D:9)
  3 black bears
  2 phantoms
  4 sky beasts
  2 eyes of draining
  6 wolves
  4 ogres
  7 centaurs
  10 crocodiles
  7 big kobolds
  8 bullfrogs
  2 wyvern zombies
  A wyvern skeleton (D:10)
  3 scorpions
  3 wights (D:11)
  9 killer bees (D:10)
  A howler monkey (D:7)
  3 crimson imps
  3 hounds
  3 jellies
  4 orc priests
  4 bullfrog skeletons
  4 worker ants
  8 orc wizards
  A hound zombie (D:8)
  A worker ant zombie (D:7)
  7 gnolls
  14 adders
  A shadow imp (D:8)
  2 oozes
  An adder zombie (D:5)
  3 worms
  A dart slug (D:2)
  6 leopard geckos
  29 orcs
  9 bats
  8 giant cockroaches
  3 hobgoblins
  20 kobolds
  7 quokkas
  7 ball pythons
  A ball python skeleton (D:4)
  6 frilled lizards
  11 goblins
  2 leopard gecko skeletons
  A leopard gecko zombie (D:7)
  7 rats
  A plant (Lair:3)
389 creatures vanquished.

Vanquished Creatures (collateral kills)
  A two-headed ogre (D:11)
  A naga (Lair:2)
  2 wights (D:11)
  A gnoll (D:9)
  4 orcs
  5 kobolds
14 creatures vanquished.

Vanquished Creatures (others)
  3 dancing weapons
  6 fungi
  9 plants
18 creatures vanquished.

Grand Total: 421 creatures vanquished

Notes
Turn   | Place    | Note
-------+----------+-------------------------------------------
     0 | D:1      | krystol the Spriggan Enchanter began the quest for the Orb.
     0 | D:1      | Reached XP level 1. HP: 9/9 MP: 5/5
   731 | D:1      | Reached XP level 2. HP: 14/14 MP: 7/7
  1003 | D:1      | Learned a level 2 spell: Ensorcelled Hibernation
  1567 | D:1      | Reached XP level 3. HP: 17/17 MP: 9/9
  1572 | D:1      | Learned a level 3 spell: Confuse
  1576 | D:1      | Learned a level 3 spell: Tukima's Dance
  1714 | D:2      | Reached skill level 1 in Fighting
  2441 | D:3      | Reached XP level 4. HP: 13/22 MP: 1/11
  3269 | D:3      | Reached skill level 5 in Spellcasting
  3269 | D:3      | Reached XP level 5. HP: 26/26 MP: 4/13
  4099 | D:4      | Noticed Grinder
  4100 | D:4      | Paralysed by Grinder for 4 turns
  4124 | D:4      | Killed Grinder
  4124 | D:4      | Reached skill level 5 in Hexes
  4124 | D:4      | Reached XP level 6. HP: 28/32 MP: 8/16
  4285 | D:4      | Found a staircase to the Ecumenical Temple.
  4296 | D:4      | Noticed Edmund
  4315 | Temple   | Entered the Ecumenical Temple
  4605 | Temple   | Became a worshipper of Gozag Ym Sagoz the Greedy
  4815 | D:4      | Killed Edmund
  4815 | D:4      | Reached XP level 7. HP: 24/35 MP: 15/18
  5416 | D:5      | Entered Level 5 of the Dungeon
  5705 | D:5      | Found a glowing drain.
  5716 | Sewer    | Entered a sewer
  5802 | Sewer    | Reached XP level 8. HP: 37/41 MP: 16/21
  6535 | D:5      | Found a snail-covered altar of Cheibriados.
  7169 | D:6      | Noticed a two-headed ogre
  7268 | D:6      | Killed a two-headed ogre
  7268 | D:6      | Reached skill level 5 in Stealth
  7268 | D:6      | Reached XP level 9. HP: 30/45 MP: 18/23
  7665 | D:6      | Noticed Eustachio
  7680 | D:6      | Killed Eustachio
  7680 | D:6      | Reached skill level 6 in Stealth
  7764 | D:6      | Found Vuhiogin's Gadget Emporium.
  7768 | D:6      | Bought a wand of enslavement (10) for 156 gold pieces
  7952 | D:6      | Noticed Menkaure
  7968 | D:6      | Killed Menkaure
  7968 | D:6      | Reached skill level 5 in Dodging
  8773 | D:7      | Reached skill level 1 in Evocations
  9165 | D:8      | Found a bloodstained altar of Trog.
  9168 | D:8      | Noticed Pikel
  9525 | D:8      | Reached skill level 5 in Short Blades
  9789 | D:8      | Reached skill level 1 in Shields
 10128 | D:8      | Reached skill level 7 in Stealth
 10129 | D:8      | Found a staircase to the Lair.
 10461 | D:8      | Noticed a moth of wrath
 10462 | D:8      | Found a bloodstained altar of Trog.
 10464 | D:8      | Noticed Meatbag's ghost (novice DrFi)
 10470 | D:8      | Found a transporter.
 10475 | D:8      | Found a transporter.
 10705 | D:8      | Killed Pikel
 10705 | D:8      | Reached XP level 10. HP: 51/51 MP: 21/24
 10756 | D:8      | Found a blossoming altar of Fedhas.
 10758 | D:8      | Noticed an oklob plant
 10758 | D:8      | Noticed an oklob plant
 10932 | D:8      | Killed an oklob plant
 10932 | D:8      | Reached skill level 5 in Fighting
 11033 | D:8      | Killed an oklob plant
 11457 | D:9      | Reached skill level 10 in Spellcasting
 11588 | D:9      | Noticed Maurice
 11609 | D:9      | Reached skill level 8 in Stealth
 11609 | D:9      | Reached skill level 10 in Hexes
 11623 | D:9      | Killed Maurice
 11897 | D:9      | Found a shadowy altar of Dithmenos.
 11899 | D:9      | Found a sparkling altar of Nemelex Xobeh.
 11899 | D:9      | Found a glowing silver altar of Zin.
 11933 | D:9      | Found a deep blue altar of Sif Muna.
 11933 | D:9      | Found an ornate altar of the Wu Jian Council.
 11933 | D:9      | Found a shimmering altar of Xom.
 11972 | D:9      | You fall through a shaft!
 11972 | D:10     | Entered Level 10 of the Dungeon
 12370 | D:10     | Learned a level 3 spell: Dazzling Spray
 12537 | D:10     | Noticed Urug
 12545 | D:10     | Killed Urug
 12545 | D:10     | Reached skill level 5 in Evocations
 12751 | D:10     | Reached skill level 9 in Stealth
 12751 | D:10     | Reached XP level 11. HP: 56/56 MP: 24/26
 13868 | D:11     | Noticed an eight-headed hydra
 14204 | D:11     | Noticed a six-headed hydra
 14205 | D:11     | Noticed a two-headed ogre
 14248 | D:11     | Killed a six-headed hydra
 14331 | D:11     | Killed a two-headed ogre
 14404 | D:11     | Noticed Erica
 14648 | D:11     | Killed Erica
 14648 | D:11     | Reached skill level 10 in Stealth
 15066 | D:11     | Found a runed translucent door.
 15184 | D:11     | Noticed Hasart's ghost (journeyman KoGl)
 15184 | D:11     | Identified the +5 spear of Resourcefulness {pierce, rN+
                  | Int+5}
 15525 | D:11     | Killed an eight-headed hydra
 15550 | D:11     | Identified the +2 war axe of Radicalism {chop, rPois Int+6
                  | Dex-4 Stlth+}
 15578 | D:11     | Noticed Fannar
 15801 | Lair:1   | Entered Level 1 of the Lair of Beasts
 16158 | Lair:1   | Reached XP level 12. HP: 51/62 MP: 24/27
 16588 | Lair:1   | Found a burning altar of Makhleb.
 16733 | Lair:2   | Found a staircase to the Snake Pit.
 16767 | Lair:2   | Reached skill level 10 in Short Blades
 17053 | Lair:2   | Reached skill level 11 in Stealth
 18653 | D:9      | Got a smoking dagger
 18654 | D:9      | Identified the +4 dagger of Luhalul {drain, rElec rN++}
                  | (You found it on level 9 of the Dungeon)
 18826 | Lair:3   | Reached skill level 5 in Shields
 18998 | Lair:3   | Reached skill level 12 in Stealth
 19247 | Lair:3   | Found a staircase to the Swamp.
 19449 | Lair:3   | Found a snail-covered altar of Cheibriados.
 20207 | Lair:4   | Noticed a six-headed hydra
 20437 | Lair:3   | Killed a six-headed hydra
 20651 | Lair:4   | Reached XP level 13. HP: 67/67 MP: 28/28
 21655 | Lair:4   | Reached skill level 13 in Stealth
 21699 | Lair:4   | Reached skill level 10 in Evocations
 22665 | Lair:6   | Entered Level 6 of the Lair of Beasts
 23362 | Lair:6   | Found a staircase to the Slime Pits.
 23362 | Lair:6   | Found a viscous altar of Jiyva.
 23542 | Lair:6   | Noticed Rupert
 23627 | Lair:6   | Killed Rupert
 23769 | Lair:6   | Found a blossoming altar of Fedhas.
 23854 | Lair:5   | Slain by a dream sheep

Levels and vault maps discovered:
D:1:      dpeg_arrival_houses_and_road, layout_basic, nrook_mini_vaults,
          hangedman_decor_riveting, eino_curves_03, hangedman_feature_mirror,
          minmay_fountain_box
D:2:      layout_loops_ring
D:3:      layout_basic, first_ration
D:4:      layout_loops_ring, temple_doors_cd, grunt_ministairs_15,
          nzn_random_ring, uniq_edmund, uniq_grinder
D:5:      black_bear_nest_1, layout_basic, kennysheep_mini_moat,
          cheibrodos_sewer_entry_drain
D:6:      lemuel_ice_spiral_2, layout_basic, serial_shops, nicolae_shop_crystal,
          kennysheep_generic_room_11, uniq_eustachio, uniq_menkaure
D:7:      layout_loops_corners, the_bakery, dk_noncrumbling_2
D:8:      layout_rooms, erik_lair_orcish_takeover,
          gammafunk_ghost_wrathful_warriors, basic_altar, hangedman_tree_tricks,
          bh_walls_and_bars, uniq_pikel
D:9:      layout_rooms, doesnt_xom_only_xom, uniq_maurice
D:10:     layout_layer_cave, uniq_urug
D:11:     layout_basic, ebering_ghost_funeral_grove, uniq_fannar, uniq_erica
Temple:   regret_index_temple_sigil_plot
Lair:1:   layout_long_grid, lemuel_centaur_altar
Lair:2:   layout_roguey, guppyfry_snake_entry_island, grunt_megastairs_1
Lair:3:   layout_concentric_octagons, swamp_mist, kennysheep_snail_temple,
          lemuel_fruit_tree, minmay_lair_oklob_chamber
Lair:4:   layout_layer_cave, lemuel_fruit_fields, grunt_megastairs_2,
          serial_bayou_shore_b
Lair:5:   layout_roguey
Lair:6:   hangedman_lair_tendril_chambers, layout_cave_shapes, wormcave,
          slime_altar_1, tgw_fedhas, uniq_rupert

Skill      XL: |  1  2  3  4  5  6  7  8  9 10 11 12 13 |
---------------+----------------------------------------+-----
Spellcasting   | 3 4 5 6 8 9 10 | 10.0
Hexes          | 4 5 6 7 9 10 12 | 12.7
Fighting       | 1 2 3 4 5 6 7 8 |  8.3
Short Blades   | 3 5 7 9 10 | 10.0
Dodging        | 4 5 |  5.0
Stealth        | 5 7 9 10 12 13 | 13.7
Evocations     | 3 5 7 9 10 | 10.6
Shields        | 1 2 4 5 6 |  6.2

Action                   |  1- 3 |  4- 6 |  7- 9 | 10-12 | 13-15 || total
-------------------------+-------+-------+-------+-------+-------++-------
Melee: Dagger            |   162 |    76 |   360 |   282 |   138 ||  1018
       Short sword       |       |       |     4 |   202 |       ||   206
Throw: Stone             |       |       |     3 |       |       ||     3
 Cast: Corona            |    32 |       |     5 |    14 |    11 ||    62
       Ensorcelled Hiber |     5 |     1 |    37 |    70 |    37 ||   150
       Confuse           |     3 |     8 |    34 |   117 |    37 ||   199
       Tukima's Dance    |       |     6 |    10 |    24 |     2 ||    42
Evoke: Wand              |       |       |       |     6 |       ||     6
  Use: Scroll            |     4 |       |     4 |    15 |     1 ||    24
 Stab: Sleeping          |    14 |     8 |    37 |    61 |    27 ||   147
       Distracted        |     2 |       |     1 |     4 |       ||     7
       Confused          |     1 |     7 |    20 |    73 |    22 ||   123
       Paralysed         |       |       |       |     3 |       ||     3
  Eat: Ration            |       |     1 |     3 |     5 |     2 ||    11
Armor: Robe              |    13 |     3 |    17 |     6 |     1 ||    40
Dodge: Dodged            |   148 |    34 |   227 |   189 |    59 ||   657
Block: Buckler           |       |       |    25 |   144 |    45 ||   214

Table legend:
 A = Non-vault XP
 B = Vault XP
 C = Vault XP percentage of total XP
 D = Non-vault monster count
 E = Vault monster count
 F = Vault count percentage of total count
                 A         B        C        D         E       F
            +---------+---------+-------+---------+---------+-------
      Total |   35675 |   17802 |  33.3 |     310 |      92 |  22.9
            +---------+---------+-------+---------+---------+-------
        D:1 |      42 |       0 |   0.0 |      24 |       0 |   0.0
        D:2 |      40 |       0 |   0.0 |      18 |       0 |   0.0
        D:3 |     153 |       0 |   0.0 |      19 |       0 |   0.0
        D:4 |      83 |     508 |  86.0 |      10 |      16 |  61.5
        D:5 |     464 |     137 |  22.8 |      12 |       3 |  20.0
        D:6 |    1350 |     368 |  21.4 |      14 |       2 |  12.5
        D:7 |     342 |     552 |  61.7 |      10 |       4 |  28.6
        D:8 |     837 |    1985 |  70.3 |      22 |       9 |  29.0
        D:9 |    1495 |     462 |  23.6 |      26 |       1 |   3.7
       D:10 |    1845 |     843 |  31.4 |      22 |       1 |   4.3
       D:11 |    6784 |     970 |  12.5 |      39 |       1 |   2.5
     Lair:1 |    2728 |     443 |  14.0 |      11 |       4 |  26.7
     Lair:2 |    6312 |    1215 |  16.1 |      30 |       6 |  16.7
     Lair:3 |    4834 |    2320 |  32.4 |      19 |       5 |  20.8
     Lair:4 |    5728 |    1839 |  24.3 |      21 |       6 |  22.2
     Lair:5 |     254 |     920 |  78.4 |       2 |       2 |  50.0
     Lair:6 |    2384 |    4755 |  66.6 |      11 |       8 |  42.1
      Sewer |       0 |     485 | 100.0 |       0 |      24 | 100.0
            +---------+---------+-------+---------+---------+-------
